 Dungeon Crawl Stone Soup version 0.28-a0-1395-g4f6bc678fa (webtiles) character file.

Game seed: 10553550730156348695

35 eustatius the Stinger (level 3, -1/32 HPs)
             Began as a Troll Venom Mage on Jan 5, 2022.
             Slain by a lemure (6 damage)
             ... led by Pikel
             ... on level 3 of the Dungeon.
             The game lasted 00:08:21 (1617 turns).

eustatius the Stinger (Troll Venom Mage)            Turns: 1617, Time: 00:08:22

Health: -1/32      AC:  4    Str: 16    XL:     3   Next: 17%
Magic:  4/4        EV: 10    Int: 13    God:
Gold:   56         SH:  0    Dex: 10    Spells: 2/5 levels left

rFire   . . .      SeeInvis .   (no weapon)
rCold   . . .      Faith    .   (no shield)
rNeg    . . .      Spirit   .   a - +0 robe
rPois   .          Reflect  .   (helmet restricted)
rElec   .          Harm     .   (no cloak)
rCorr   .          Rampage  .   (gloves unavailable)
Will    .....                   (boots unavailable)
Stlth   +.........              (no amulet)
HPRegen 0.90/turn               b - ring of flight
MPRegen 0.09/turn               (no ring)

@: attractive, flying
A: large, unfitting armour, claws 3, regeneration 1, shaggy fur 1, tough skin 1
a: no special abilities


You were on level 3 of the Dungeon.
You visited 1 branch of the dungeon, and saw 4 of its levels.

You collected 56 gold pieces.

Inventory:

Missiles
 c - 20 sling bullets
 d - 5 boomerangs
 e - 72 stones
Armour
 a - a +0 robe (worn)
Jewellery
 b - a ring of flight (left claw)
Wands
 h - a wand of iceblast (13) (quivered)
Scrolls
 g - 2 scrolls of identify {unknown}
 j - 2 scrolls of torment
Potions
 f - 2 potions of attraction


   Skills:
 + Level 0.7 Fighting
 + Level 1.8 Dodging
 - Level 1.1 Stealth
 * Level 0.5 Unarmed Combat
 - Level 1.6 Spellcasting
 - Level 0.7 Transmutations
 * Level 2.3 Poison Magic


You had 2 spell levels left.
You knew the following spells:

 Your Spells              Type           Power      Damage    Failure   Level
a - Sting                 Tmut/Pois      20%        1d4       14%         1
b - Poisonous Vapours     Pois/Air       8%         N/A       24%         2

Your spell library contained the following spells:

 Spells                   Type           Power      Damage    Failure   Level
 Mephitic Cloud           Conj/Pois/Air  3%         N/A       50%         3
 Olgreb's Toxic Radiance  Pois           7%         N/A       69%         4


Dungeon Overview and Level Annotations

Branches:
Dungeon (4/15)
 Temple: D:4-7

Altars:

Annotations:
D:3 Pikel


Innate Abilities, Weirdness & Mutations

You are too large for most types of armour.
You have claws for hands.
Your natural rate of healing is unusually fast.
You are covered in fur. (AC +1)
You have tough skin. (AC +1)


Message History

Pikel hits you with a +0 whip of flaming.
Pikel burns you. The lemure barely misses you.
There is a stone staircase leading up here.
Aiming: Iceblast
Press: ? - help, Shift-Dir - straight line, f - lemure
Aim: a lemure
Okay, then.
There are no items here.
The lemure barely misses you. x2
Pikel hits you with a +0 whip of flaming.
Pikel burns you. The lemure barely misses you.
You fly upwards.
There is a stone staircase leading down here.
You barely miss the lemure. The lemure hits you.
Pikel hits you with a +0 whip of flaming!
Pikel burns you.
Aiming: Iceblast
Press: ? - help, Shift-Dir - straight line, f - Pikel
Aim: Pikel, wielding a +0 whip of flaming and wearing a +0 robe
Okay, then.
As you read the scroll labelled OFFUUN TURAINE, it crumbles to dust.
Your body is wracked with pain!
* * * LOW HITPOINT WARNING * * *
Pikel convulses!
It was a scroll of torment.
The lemure barely misses you.
Pikel hits you with a +0 whip of flaming.
* * * LOW HITPOINT WARNING * * *
Pikel burns you.
* * * LOW HITPOINT WARNING * * *
Unknown command.
As you read the scroll labelled LIH CIDWONO, it crumbles to dust.
You speak a Word of immense power!
The lemure convulses!
You kill the lemure!
That felt strangely unrewarding.
The lemure convulses! x2
You kill the lemure!
That felt strangely unrewarding.
It was a scroll of holy word.
Pikel barely misses you.
It was a potion of attraction.
You feel attractive to monsters. The lemure hits you.
You die...

##################
...............5@#
##'#############K#
#......# #.#
#......# #.#
#......# #.#
#......# #.#
#......# #)#
#......# #.#
#......# #.#


You could see Pikel and a lemure (dazed).

Vanquished Creatures
  2 lemures (D:3)
  An orc (D:3)
  2 bats (D:3)
  An endoplasm (D:3)
  3 giant cockroaches (D:1)
  2 hobgoblins (D:1)
  3 quokkas
  3 ball pythons (D:3)
  6 frilled lizards
  6 goblins (D:1)
  3 kobolds
  2 rats
34 creatures vanquished.

Notes
Turn   | Place    | Note
-------+----------+-------------------------------------------
     0 | D:1      | eustatius the Troll Venom Mage began the quest for the Orb.
     0 | D:1      | Reached XP level 1. HP: 16/16 MP: 1/1
   203 | D:1      | Reached XP level 2. HP: 24/24 MP: 3/3
   888 | D:3      | Learned a level 2 spell: Poisonous Vapours
  1076 | D:3      | Reached XP level 3. HP: 32/32 MP: 4/4
  1591 | D:4      | Noticed Pikel
  1591 | D:4      | Noticed a lemure
  1591 | D:4      | Noticed a lemure
  1591 | D:4      | Noticed a lemure
  1591 | D:4      | Noticed a lemure
  1616 | D:3      | Killed a lemure
  1616 | D:3      | Killed a lemure
  1617 | D:3      | Slain by a lemure

Illustrated notes

Levels and vault maps discovered:
D:1:      kennysheep_arrival_seaside, layout_rooms
D:2:      layout_rooms, ebering_ecumenical_altar_sacrificial, uniq_robin
D:3:      layout_basic
D:4:      layout_rooms, lemuel_temple_firewalk_b, uniq_menkaure, uniq_pikel

Action                   || total
-------------------------++-------
Melee: Unarmed           ||    90
 Cast: Sting             ||    10
  Use: Scroll            ||     2
       Potion            ||     1
Armor: Robe              ||    44
Dodge: Dodged            ||    61

Table legend: (Time is in decaauts)
 A = Elapsed time spent in this place.
 B = Non-inter-level travel time spent in this place.
 C = Inter-level travel time spent in this place.
 D = Time resting spent in this place.
 E = Time spent auto-exploring this place.
 F = Levels seen in this place.
 G = Mean time per level.
                   A        B        C        D        E       F      G
               +--------+--------+--------+--------+--------+-----+--------+
         Total |   1616 |   1108 |    508 |      0 |    597 |   4 |  404.0 |
       Dungeon |   1616 |   1108 |    508 |      0 |    597 |   4 |  404.0 |
               +--------+--------+--------+--------+--------+-----+--------+

Top non-repeatable levels by time:
     D:3: 830 daAuts
     D:1: 755 daAuts
     D:2: 26 daAuts
     D:4: 4 daAuts
